 Dungeon Crawl Stone Soup version 0.22-a0-772-gac08f70 (webtiles) character file.

7 Amnesiac the Digger (level 1, 0/19 HPs)
             Began as a Demonspawn Earth Elementalist on July 17, 2018.
             Succumbed to an adder's poison
             ... on level 3 of the Dungeon.
             The game lasted 00:01:05 (421 turns).

Amnesiac the Digger (Demonspawn Earth Elementalist)  Turns: 421, Time: 00:01:06

Health: 0/19       AC: 20    Str:  8    XL:     1   Next: 83%
Magic:  0/3        EV:  2    Int: 16    God:
Gold:   4          SH:  0    Dex: 13    Spells: 3/4 levels left

rFire    . . .     SeeInvis .   b - +0 spear
rCold    . . .     Gourm    .   (no shield)
rNeg     + + +     Faith    .   (armour currently unavailable)
rPois    +         Spirit   .   (helmet currently unavailable)
rElec    .         Reflect  .   (cloak currently unavailable)
rCorr    .         Harm     .   (gloves currently unavailable)
MR       .....     NoTele   +   (boots currently unavailable)
Stlth    ++........             (no amulet)
HPRegen  0.06/turn              (no ring)
MPRegen  0.08/turn              (no ring)

@: lethally poisoned (0 -> -9), tree-form, very slightly contaminated
A: no striking features
a: no special abilities


You were on level 3 of the Dungeon.
You were not hungry.
You were a tree.
You visited 1 branch of the dungeon, and saw 3 of its levels.

You collected 4 gold pieces.

Inventory:

Hand Weapons
 a - a +0 dagger
 b - a +0 spear (weapon)
Missiles
 f - 80 stones (quivered)
Armour
 c - a +0 robe (melded)
 e - a +0 ring mail
 h - a scarf of repulsion (melded)
Scrolls
 i - a scroll of noise {!r, unknown}
Comestibles
 d - a ration
 j - 2 chunks of flesh


   Skills:
 + Level 0.0 Fighting
 - Level 1.9 Dodging
 - Level 1.9 Stealth
 - Level 2.1 Spellcasting
   Level 0.8 Transmutations
 - Level 2.9 Earth Magic


You had 3 spell levels left.
You knew the following spells:

 Your Spells              Type           Power        Failure   Level  Hunger
a - Sandblast             Erth           ##....       6%          1    #......

Your spell library contained the following spells:

 Spells                   Type           Power        Failure   Level  Hunger
 Stone Arrow              Conj/Erth      #.....       34%         3    ###....
 Passwall                 Tmut/Erth      #.......     14%         2    ###....
 Lee's Rapid Deconstruct  Erth           ##........   86%         5    ######.
 Petrify                  Tmut/Erth      #.......     67%         4    #####..


Dungeon Overview and Level Annotations

Branches:
Dungeon (3/15)

Altars:

Annotations:
D:2 Terence


Message History

Press: ? - help, Shift-Dir - straight line, f/p - adder
Aim: an adder The blast of sand misses the adder.
f - 81 stones The adder closely misses you.
Casting: Sandblast (safe; 6% risk of failure)
Confirm with . or Enter, or press ? or * to list all spells.
You don't have enough magic to cast that spell.
Casting: Sandblast (safe; 6% risk of failure)
Confirm with . or Enter, or press ? or * to list all spells.
You don't have enough magic to cast that spell.
Casting: Sandblast (safe; 6% risk of failure)
Confirm with . or Enter, or press ? or * to list all spells.
You don't have enough magic to cast that spell.
You hit the adder but do no damage. The adder closely misses you.
Casting: Sandblast (safe; 6% risk of failure)
Confirm with . or Enter, or press ? or * to list all spells.
You don't have enough magic to cast that spell.
You miss the adder. The adder bites you.
You are poisoned.
The adder poisons you! The adder barely misses you.
You feel sick.
Casting: Sandblast (safe; 6% risk of failure)
Confirm with . or Enter, or press ? or * to list all spells.
You don't have enough magic to cast that spell.
The adder completely misses you.
You feel sick.
Casting: Sandblast (safe; 6% risk of failure)
Confirm with . or Enter, or press ? or * to list all spells.
You don't have enough magic to cast that spell.
The adder barely misses you.
You feel sick.
Casting: Sandblast (safe; 6% risk of failure)
Confirm with . or Enter, or press ? or * to list all spells.
Aiming: Sandblast (safe; 6% risk of failure)
Press: ? - help, Shift-Dir - straight line, f/p - adder
Aim: an adder The blast of sand misses the adder.
f - 80 stones The adder bites you.
* * * LOW HITPOINT WARNING * * *
You are lethally poisoned!
The adder poisons you!
Unknown command.
The adder bites you.
* * * LOW HITPOINT WARNING * * *
You are more poisoned.
The adder poisons you!
Really quaff
g - a murky dark potion {!q}?
It was a potion of lignification {!q}.
You turn into a tree.
The haze of the repulsion field disappears.
Your roots penetrate the ground.
* * * LOW HITPOINT WARNING * * *
You feel sick. The adder bites you.
* * * LOW HITPOINT WARNING * * *
You aren't carrying any potions.
You hit the adder.
The adder is lightly wounded.
* * * LOW HITPOINT WARNING * * *
You feel sick. The adder bites you but does no damage. The adder bites you.
* * * LOW HITPOINT WARNING * * *
You closely miss the adder.
The adder is lightly wounded.
You die...

....... #........
....... ####.....#
#...##...# #.#.##...#
#.#.##...### ....#
#.#.##...S.# ....#
#.#......#♣# ....#
#...#)#..#.# ....#
###.#.##.#.# ....#
#.#.##.#.# ....#
#.#....#.#
....#####.######.#
<......##......#.#
###.##.#######.#.#####
....##.#
#.#.#...######


You could see an adder.

Vanquished Creatures
  A giant cockroach (D:2)
  A goblin (D:1)
  A hobgoblin (D:3)
  A bat (D:2)
  2 kobolds (D:1)
  A rat (D:3)
7 creatures vanquished.

Notes
Turn   | Place    | Note
-------+----------+-------------------------------------------
     0 | D:1      | Amnesiac the Demonspawn Earth Elementalist began the quest for the Orb.
     0 | D:1      | Reached XP level 1. HP: 13/13 MP: 3/3
    98 | D:2      | Noticed Terence
   421 | D:3      | Succumbed to an adder's poison

Vault maps used:
D:1:      dpeg_arrival_fog, serial_bayou_lagoon_b
D:2:      uniq_terence, uniq_natasha
D:3:      portal_sewer_entry_b, nicolae_underground_beach

Action                   || total
-------------------------++-------
Melee: Spear             ||    21
 Cast: Sandblast         ||     4
  Use: Potion            ||     1
 Stab: Sleeping          ||     2
Armor: Robe              ||     6
       Skin              ||     1
Dodge: Dodged            ||    10

Table legend:
 A = Spawn XP
 B = Non-spawn XP
 C = Spawn XP percentage of total XP
 D = Spawn monster count
 E = Non-spawn monster count
 F = Spawn count percentage of total count
 G = Total turns spent on level
                    A         B        C        D         E        F      G
               +---------+---------+-------+---------+---------+-------+---------
         Total |       0 |      10 |   0.0 |       0 |       7 |   0.0 |   421
               +---------+---------+-------+---------+---------+-------+---------
           D:1 |       0 |       4 |   0.0 |       0 |       3 |   0.0 |   267
           D:2 |       0 |       3 |   0.0 |       0 |       2 |   0.0 |    69
           D:3 |       0 |       3 |   0.0 |       0 |       2 |   0.0 |    85
               +---------+---------+-------+---------+---------+-------+---------
